 Dungeon Crawl Stone Soup version 0.28-a0-1412-gf95308ed99 (webtiles) character file.

Game seed: 2489275740596567476

1 snetch the Ducker (level 1, -11/10 HPs)
             Began as a Felid Berserker on Jan 6, 2022.
             Was a Follower of Trog.
             Mangled by a kobold (17 damage)
             ... on level 2 of the Dungeon.
             The game lasted 00:00:23 (257 turns).

snetch the Ducker (Felid Berserker)                  Turns: 257, Time: 00:00:24

Health: -11/10     AC:  1    Str: 13    XL:     1   Next: 16%
Magic:  2/2        EV: 18    Int:  8    God:    Trog [*.....]
Gold:   0          SH:  0    Dex: 15    Spells: 0/0 levels left
                                        Lives:  0   Deaths: 0

rFire   . . .      SeeInvis +     - Unarmed
rCold   . . .      Faith    .   (shield unavailable)
rNeg    . . .      Spirit   .   (armour unavailable)
rPois   .          Reflect  .   (helmet unavailable)
rElec   .          Harm     .   (cloak unavailable)
rCorr   .          Rampage  .   (gloves unavailable)
Will    .....                   (boots unavailable)
Stlth   +.........              (no amulet)
HPRegen 0.03/turn               a - ring of flight
MPRegen 0.08/turn               (no ring)

@: flying, quick
A: very small, claws 1, fangs 3, see invisible, speed 1, shaggy fur 1, stealthy
paws, no weapons or thrown items, no armour, multi-lived
a: Renounce Religion, Berserk


You were on level 2 of the Dungeon.
You worshipped Trog.
Trog was aware of your devotion.
You visited 1 branch of the dungeon, and saw 2 of its levels.

Inventory:

Missiles
 c - 16 stones
Jewellery
 a - a ring of flight (left paw)
Potions
 b - a potion of heal wounds {unknown}


   Skills:
 + Level 3.0 Fighting
 + Level 4.0 Dodging
 + Level 3.0 Unarmed Combat


You couldn't memorise any spells.
You didn't know any spells.
Your spell library was empty.

Dungeon Overview and Level Annotations

Branches:
Dungeon (2/15)

Altars:


Innate Abilities, Weirdness & Mutations

You have sharp claws.
You have razor-sharp teeth.
You have supernaturally acute eyesight. (SInv)
You cover ground quickly. (Speed+)
You are covered in fur. (AC +1)
Your paws help you pounce on unaware monsters.
You are incapable of wielding weapons or throwing items.
You cannot wear armour.
You gain extra lives every three experience levels.


Message History

b - a bubbling red potion A frilled lizard comes into view.
You closely miss the frilled lizard.
The frilled lizard completely misses you.
You closely miss the frilled lizard. The frilled lizard bites you.
You closely miss the frilled lizard. The frilled lizard closely misses you.
You completely miss the frilled lizard. The frilled lizard misses you.
You closely miss the frilled lizard. The frilled lizard closely misses you.
You miss the frilled lizard. The frilled lizard bites you.
You closely miss the frilled lizard. The frilled lizard misses you.
You miss the frilled lizard.
The frilled lizard bites you but does no damage.
You miss the frilled lizard. The frilled lizard bites you.
You scratch the frilled lizard.
You kill the frilled lizard!
Trog accepts your kill.
You see here a frilled lizard corpse.
HP restored.
Found 16 stones.
You see here 16 stones.
c - 16 stones
There is a shaft here.
Found a stone staircase leading down.
A rat comes into view.
A kobold comes into view.
It is wielding a +1 dagger of distortion.
The kobold shouts!
A rat comes into view.
The rat completely misses you.
There is a stone staircase leading down here.
You scratch the rat.
You kill the rat!
Trog accepts your kill. The kobold misses you.
You see here a rat corpse.
You scratch the kobold.
The kobold is moderately wounded.
The kobold hits you with a +1 dagger of distortion.
Space warps horribly around you!
Ouch! That really hurt!
You die...

#.##.##. ..
#.##.##. r.
#....... .
##...### .## #.###
#.# #.# #####.#
#.# #.#...#.######
#.# #...K@>.....#
#.#
##...######.####.#
#### #..^...#
########


You could see a kobold.

Vanquished Creatures
  A frilled lizard (D:2)
  A rat (D:2)
2 creatures vanquished.

Notes
Turn   | Place    | Note
-------+----------+-------------------------------------------
     0 | D:1      | snetch the Felid Berserker began the quest for the Orb.
     0 | D:1      | Reached XP level 1. HP: 10/10 MP: 2/2
   257 | D:2      | Mangled by a kobold

Illustrated notes

Levels and vault maps discovered:
D:1:      lightli_molten_gateway, layout_loops_ring,
          shapermc_ecumenical_altar_ellora
D:2:      layout_loops_cross, serial_aquarium, aquarium_bridge_straight
          [aquarium_subvault_bridge, aquarium_subvault_wall,
          aquarium_subvault_bridge, aquarium_subvault_wall],
          aquarium_window_double, aquarium_window_2, aquarium_view_2d,
          aquarium_balcony_3b, aquarium_pool_split, minmay_misc_feat_cross

Action                   || total
-------------------------++-------
Melee: Unarmed           ||    12
Armor: Skin              ||     1
Dodge: Dodged            ||     7

Table legend: (Time is in decaauts)
 A = Elapsed time spent in this place.
 B = Non-inter-level travel time spent in this place.
 C = Inter-level travel time spent in this place.
 D = Time resting spent in this place.
 E = Time spent auto-exploring this place.
 F = Levels seen in this place.
 G = Mean time per level.
                   A        B        C        D        E       F      G
               +--------+--------+--------+--------+--------+-----+--------+
         Total |    236 |    236 |      0 |      0 |    198 |   2 |  118.0 |
       Dungeon |    236 |    236 |      0 |      0 |    198 |   2 |  118.0 |
               +--------+--------+--------+--------+--------+-----+--------+

Top non-repeatable levels by time:
     D:2: 234 daAuts
     D:1: 1 daAuts
